 Dungeon Crawl Stone Soup version 0.27.0-1-g7a089689b8 (webtiles) character file.

Game seed: 14568336622049054162

73 Amplified the Ducker (level 4, -3/33 HPs)
             Began as a Minotaur Conjurer on Aug 8, 2021.
             Was a Follower of Elyvilon.
             Slain by Sigmund (6 damage)
             ... on level 2 of the Dungeon.
             The game lasted 00:05:20 (1911 turns).

Amplified the Ducker (Minotaur Conjurer)            Turns: 1911, Time: 00:05:21

Health: -3/33      AC:  2    Str: 11 (12) XL:     4   Next: 8%
Magic:  2/5        EV: 12    Int: 14 (15) God:    Elyvilon [*.....]
Gold:   42         SH:  0    Dex: 10 (11) Spells: 4/5 levels left

rFire    . . .     SeeInvis .   h - +4 club (spect)
rCold    . . .     Faith    .   (no shield)
rNeg     . . .     Spirit   .   a - +0 robe
rPois    .         Reflect  .   (helmet restricted)
rElec    .         Harm     .   (no cloak)
rCorr    .         Rampage  .   (no gloves)
Will     .....                  (no boots)
Stlth    +++.......             (no amulet)
HPRegen  0.11/turn              (no ring)
MPRegen  0.09/turn              (no ring)

@: no status effects
A: horns 2, retaliatory headbutt, thin skeletal structure 1, frail 1
a: Renounce Religion, Lesser Healing, Divine Protection


You were on level 2 of the Dungeon.
You worshipped Elyvilon.
Elyvilon was aware of your devotion.
You visited 1 branch of the dungeon, and saw 3 of its levels.

You collected 42 gold pieces.

Inventory:

Hand Weapons
 b - a +0 short sword
 e - a +0 rapier
 h - a +4 spectral club (weapon)
Missiles
 d - 6 javelins
Armour
 a - a +0 robe (worn)
 c - a +0 chain mail
Wands
 f - a wand of flame (16)


   Skills:
 * Level 2.4 Fighting
 - Level 0.5 Short Blades
 * Level 3.2 Dodging
 - Level 1.9 Stealth
 - Level 1.3 Spellcasting
 - Level 2.9 Conjurations
 * Level 1.4 Invocations


You had 4 spell levels left.
You knew the following spells:

 Your Spells              Type           Power      Damage    Failure   Level
a - Magic Dart            Conj           36%        1d4       8%          1

Your spell library contained the following spells:

 Spells                   Type           Power      Damage    Failure   Level
 Searing Ray              Conj           18%        3d3       12%         2
 Foxfire                  Conj/Fire      20%        2x1d5     14%         1
 Conjure Flame            Conj/Fire      5%         6-21      38%         3
 Dazzling Flash           Conj/Hex       10%        N/A       38%         3
 Inner Flame              Hex/Fire       0%         N/A       58%         3
 Fulminant Prism          Conj/Hex       2%         3d6       80%         4
 Iskenderun's Mystic Bla  Conj/Tloc      5%         2d3       80%         4


Dungeon Overview and Level Annotations

Branches:
Dungeon (3/15)

Altars:
Elyvilon

Shops:
D:1 (

Annotations:
D:2 Sigmund
D:3 Ijyb, Natasha


Innate Abilities, Weirdness & Mutations

You have a pair of horns on your head.
You reflexively headbutt those who attack you in melee.
You have a somewhat thin skeletal structure. (Dex +2, Stealth+)
You are frail. (-10% HP)


Message History

Unknown command.
Casting: Magic Dart (safe; 8% risk of failure)
Confirm with . or Enter, or press ? or * to list all spells.
Okay, then.
You aren't carrying any potions.
Unknown command.
Sigmund gestures at you while chanting. The puff of flame misses you.
You see here a +0 robe.
Unknown command.
Sigmund says, "Now you see me, now you don't..."
Sigmund closely misses you.
Unknown command.
A bat comes into view.
Sigmund barely misses you.
Unknown command.
Unknown command.
You hit Sigmund.
Sigmund is lightly wounded.
Your spectral +4 spectral club hits Sigmund!
Sigmund points at you and mumbles some strange words.
The puff of flame hits you!
Sigmund gestures wildly while chanting.
Sigmund flickers and vanishes!
Deactivating autopickup; reactivate with Ctrl-A.
Unknown command.
You aren't carrying any potions.
Unknown command.
You are healed.
Something hits you!
* * * LOW HITPOINT WARNING * * *
Unknown command.
Unknown command.
You are healed.
The bat misses you. The bat barely misses you. Something hits you!
* * * LOW HITPOINT WARNING * * *
Your magical contamination has completely faded away.
Unknown command.
Unknown command.
The bat barely misses you. Something hits you.
You die...

...............####.(.........#
..............................#
............(............$....#
..............<..##..........##
...............#..#.....#...##
..............#.........#####
..#...........#......[..#
#.#.†.#.#####....b......#
#.#...### #{@.......# #.#...#
#.........# ..##### #.........#
## #[........# #.........#
###########


You could see a bat.

Vanquished Creatures
  Jessica (D:2)
  An adder (D:1)
  A dart slug (D:1)
  An orc (D:2)
  A bat (D:1)
  6 endoplasms
  5 giant cockroaches
  A hobgoblin (D:3)
  2 jackals (D:1)
  5 kobolds
  A ball python (D:2)
  2 frilled lizards (D:1)
  2 goblins (D:1)
  4 rats
33 creatures vanquished.

Notes
Turn   | Place    | Note
-------+----------+-------------------------------------------
     0 | D:1      | Amplified the Minotaur Conjurer began the quest for the
                  | Orb.
     0 | D:1      | Reached XP level 1. HP: 14/14 MP: 1/1
   184 | D:1      | Found Tyxekama's Antique Weapon Shoppe.
   404 | D:1      | Reached skill level 1 in Fighting
   404 | D:1      | Reached XP level 2. HP: 20/23 MP: 3/3
   448 | D:1      | Found a faded altar of an unknown god.
   456 | D:1      | Became a worshipper of Elyvilon the Healer
   456 | D:1      | Reached * piety under Elyvilon
  1138 | D:2      | Noticed Sigmund
  1139 | D:2      | Noticed Jessica
  1169 | D:1      | Reached XP level 3. HP: 10/29 MP: 0/4
  1436 | D:2      | Reached skill level 1 in Invocations
  1468 | D:3      | Noticed Natasha
  1565 | D:3      | Reached skill level 3 in Dodging
  1755 | D:3      | Noticed Ijyb
  1771 | D:3      | HP: 1/29 [something/puff of flame (12)]
  1781 | D:3      | HP: 1/29 [something/puff of flame (5)]
  1856 | D:2      | Killed Jessica
  1857 | D:2      | Reached XP level 4. HP: 8/37 MP: 2/5
  1903 | D:2      | Gained mutation: You have a somewhat thin skeletal
                  | structure. (Dex +2, Stealth+) [potion of mutation]
  1903 | D:2      | Gained mutation: You are frail. (-10% HP) [potion of
                  | mutation]
  1911 | D:2      | Slain by Sigmund

Illustrated notes

Levels and vault maps discovered:
D:1:      zelgadis_glass_arrival_small, layout_rooms, serial_shops,
          nicolae_shop_behind_doors, hellmonk_ecumenical_altar_zigzags, hex_tiny
D:2:      layout_rooms, uniq_sigmund, uniq_jessica
D:3:      layout_loops_ring, uniq_ijyb, uniq_natasha, uniq_robin

Skill      XL: |  1  2  3 |
---------------+----------+-----
Fighting       | 1 2 |  2.4
Invocations    | 1 |  1.4
Dodging        | 3 |  3.2
Short Blades   | |  0.5
Stealth        | |  1.9
Spellcasting   | |  1.3
Conjurations   | |  2.9

Action                   |  1- 3 |  4- 6 || total
-------------------------+-------+-------++-------
Melee: Short sword       |    19 |       ||    19
       Headbutt          |     7 |       ||     7
       Rapier            |    67 |       ||    67
       Club              |       |     1 ||     1
 Cast: Magic Dart        |     6 |       ||     6
Invok: Lesser Healing    |    11 |     3 ||    14
  Use: Scroll            |     3 |       ||     3
       Potion            |     5 |     1 ||     6
 Stab: Sleeping          |     4 |       ||     4
Armor: Robe              |    13 |       ||    13
Dodge: Dodged            |    54 |     6 ||    60
